 Dungeon Crawl Stone Soup version 0.27-a0-899-ge2d0b17c59 (webtiles) character file.

Game seed: 1925135690622307004

956 lunkers the Transmogrifier (level 8, -3/81 HPs)
             Began as a Merfolk Transmuter on Apr 2, 2021.
             Succumbed to a scorpion's poison
             ... on level 5 of the Dungeon on Apr 5, 2021.
             The game lasted 00:12:21 (5639 turns).

lunkers the Transmogrifier (Merfolk Transmuter)     Turns: 5639, Time: 00:12:22

Health: -3/81      AC: 28    Str: 10    XL:     8   Next: 14%
Magic:  9/11       EV:  2    Int: 13    God:
Gold:   206        SH:  0    Dex: 16    Spells: 2/11 levels left

rFire    . . .     SeeInvis .     - Unarmed
rCold    . . .     Faith    .   (no shield)
rNeg     + + +     Spirit   .   (armour currently unavailable)
rPois    +         Reflect  .   (helmet currently unavailable)
rElec    .         Harm     .   (cloak currently unavailable)
rCorr    .         Rampage  .   (gloves currently unavailable)
Will     +....     NoTele   +   (boots currently unavailable)
Stlth    +.........             (no amulet)
HPRegen  0.23/turn              h - +4 ring of protection
MPRegen  0.12/turn              (no ring)

@: lethally poisoned (-3 -> -18), tree-form
A: stationary, stasis, torment immunity, boosted hp, (nimble swimmer 2),
(mertail), (horns 1), strong-willed 1, (poison resistance), inability to read
while threatened
a: no special abilities


You were on level 5 of the Dungeon.
You were a tree.
You visited 1 branch of the dungeon, and saw 5 of its levels.

You collected 206 gold pieces.

Inventory:

Armour
 a - a +0 robe (melded)
 g - a +2 pair of gloves (melded)
 u - a +0 cloak (melded)
Jewellery
 h - a +4 ring of protection (left branch)
 j - an amulet of magic regeneration
 n - a +6 ring of dexterity
Wands
 l - a wand of iceblast (4)
 o - a wand of digging (4)
Scrolls
 b - 6 scrolls of identify {unknown}
 d - 4 scrolls of teleportation {unknown}
 m - a scroll of amnesia {unknown}
 p - a scroll of holy word {unknown}
 r - a scroll of noise {unknown}
 s - a scroll of enchant armour {unknown}
Potions
 c - a potion of flight {unknown}
 e - a potion of magic {unknown}
 f - a potion of mutation
 i - a potion of lignification
 k - a potion of ambrosia {unknown}
 q - a potion of berserk rage {unknown}
 t - a potion of invisibility {unknown}


   Skills:
 - Level 1.1 Fighting
 - Level 2.6 Dodging
 + Level 7.8 Unarmed Combat
 - Level 2.0 Spellcasting
 + Level 8.8 Transmutations


You had 2 spell levels left.
You knew the following spells:

 Your Spells              Type           Power      Damage    Failure   Level
b - Spider Form           Tmut/Pois      6%         N/A       12%         3
c - Hydra Form            Tmut           12%        N/A       19%         5
p - Beastly Appendage     Tmut           48%        N/A       1%          1

Your spell library contained the following spells:

 Spells                   Type           Power      Damage    Failure   Level
 Wereblood                Tmut           24%        N/A       1%          2
 Freeze                   Ice            4%         1d3       26%         1
 Ice Form                 Ice/Tmut       12%        N/A       38%         4
 Petrify                  Tmut/Erth      12%        N/A       38%         4
 Confusing Touch          Hex            1%         N/A       58%         3
 Frozen Ramparts          Ice            2%         1d2       58%         3
 Gell's Gravitas          Tloc           0%         N/A       58%         3
 Ozocubu's Armour         Ice            1%         N/A       58%         3
 Yara's Violent Unravell  Hex/Tmut       6%         3d5       75%         5
 Hailstorm                Conj/Ice       1%         3d3       94%         4
 Summon Ice Beast         Ice/Summ       1%         N/A       94%         4
 Metabolic Englaciation   Hex/Ice        0%         N/A       100%        5


Dungeon Overview and Level Annotations

Branches:
Dungeon (5/15)
 Temple: D:4-7

Altars:

Shops:
D:4 [


Innate Abilities, Weirdness & Mutations

You are a tree.
Your roots penetrate the ground, keeping you stationary.
You cannot be teleported.
You are immune to unholy pain and torment.
Your maximum health is greatly increased.
Your equipment is partially melded.
((You are quick and stealthy near water. (Stealth+, EV+, Speed+++)))
((Your lower body shifts to a powerful aquatic tail in water.))
((You have a pair of small horns on your head.))
You are strong-willed. (Will+)
((Your system is resistant to poisons. (rPois)))
You sometimes lose the ability to read scrolls when taking damage.


Message History

You hit the scorpion.
The scorpion looks as sick as possible!
The scorpion is severely wounded.
You feel very sick.
You kill the scorpion!
The scorpion stings you.
You are lethally poisoned!
The scorpion poisons you!
You hit the scorpion but do no damage.
The scorpion is poisoned.
* * * LOW HITPOINT WARNING * * *
You feel extremely sick. The scorpion completely misses you.
You hit the scorpion.
The scorpion is lightly wounded.
* * * LOW HITPOINT WARNING * * *
You feel extremely sick.
You bite the scorpion!
The scorpion looks as sick as possible!
The scorpion is almost dead.
* * * LOW HITPOINT WARNING * * *
You feel very sick.
You kill the scorpion!
* * * LOW HITPOINT WARNING * * *
You feel very sick.
You see here a scorpion corpse.
Unknown command.
It was a potion of mutation.
You feel extremely strange.
You lose the ability to read scrolls when threatened.
You feel strong-willed.
You feel resistant to poisons. A pair of horns grows on your head!
Your transformation is almost over.
* * * LOW HITPOINT WARNING * * *
You feel very sick.
It was a potion of lignification.
Your transformation has ended.
Your +0 cloak unmelds from your body.
Your +2 pair of gloves unmelds from your body.
Your +0 robe unmelds from your body.
You turn into a tree.
Your +0 cloak melds into your body.
Your +2 pair of gloves melds into your body.
Your +0 robe melds into your body.
Your roots penetrate the ground.
You die...

#########
##......<#
.......♣.#
.........#
##.....!.#
#####+###


There were no monsters in sight!

Vanquished Creatures
  Menkaure (D:4)
  Edmund (D:4)
  An ice beast (D:4)
  An ogre (D:4)
  A phantom (D:4)
  3 scorpions
  Crazy Yiuf (D:4)
  An orc priest (D:3)
  Ijyb (D:3)
  2 orc wizards (D:3)
  5 adders
  2 worms
  3 dart slugs
  8 orcs
  7 endoplasms
  2 giant cockroaches (D:3)
  5 goblins
  5 hobgoblins
  13 jackals
  3 quokkas (D:1)
  12 ball pythons
  12 bats
  5 frilled lizards
  6 kobolds
  6 rats
107 creatures vanquished.

Vanquished Creatures (others)
  3 plants (D:4)
3 creatures vanquished.

Grand Total: 110 creatures vanquished

Notes
Turn   | Place    | Note
-------+----------+-------------------------------------------
     0 | D:1      | lunkers the Merfolk Transmuter began the quest for the Orb.
     0 | D:1      | Reached XP level 1. HP: 15/15 MP: 3/3
   179 | D:1      | Reached skill level 3 in Transmutations
   262 | D:1      | Reached XP level 2. HP: 18/21 MP: 3/5
   621 | D:1      | Reached XP level 3. HP: 16/26 MP: 6/6
   873 | D:1      | Upgraded the game from 0.27-a0-869-g165b36e3f0 to
                  | 0.27-a0-899-ge2d0b17c59
  1308 | D:1      | Reached skill level 4 in Transmutations
  1426 | D:2      | Learned a level 3 spell: Spider Form
  1704 | D:2      | Reached XP level 4. HP: 19/32 MP: 5/7
  1999 | D:2      | Found a faded altar of an unknown god.
  3014 | D:3      | Noticed Ijyb
  3031 | D:3      | Killed Ijyb
  3032 | D:3      | Reached skill level 5 in Transmutations
  3032 | D:3      | Reached XP level 5. HP: 14/37 MP: 5/8
  3344 | D:3      | Reached skill level 5 in Unarmed Combat
  4052 | D:3      | Reached XP level 6. HP: 30/43 MP: 5/9
  4341 | D:4      | Noticed an ice beast
  4358 | D:4      | Killed an ice beast
  4359 | D:4      | Reached skill level 6 in Transmutations
  4558 | D:4      | Noticed Edmund
  4563 | D:4      | Killed Edmund
  4564 | D:4      | Reached skill level 7 in Transmutations
  4564 | D:4      | Reached XP level 7. HP: 48/48 MP: 6/10
  5144 | D:4      | Found Acseept's Antique Armour Shoppe.
  5160 | D:4      | Noticed Menkaure
  5169 | D:4      | Killed Menkaure
  5170 | D:4      | Reached skill level 8 in Transmutations
  5178 | D:4      | Learned a level 5 spell: Hydra Form
  5477 | D:4      | Found a runed translucent door.
  5478 | D:4      | Noticed Crazy Yiuf
  5577 | D:4      | Killed Crazy Yiuf
  5578 | D:4      | Reached XP level 8. HP: 54/54 MP: 7/11
  5625 | D:5      | Entered Level 5 of the Dungeon
  5638 | D:5      | Gained mutation: You sometimes lose the ability to read
                  | scrolls when taking damage. [potion of mutation]
  5638 | D:5      | Gained mutation: You are strong-willed. (Will+) [potion of
                  | mutation]
  5638 | D:5      | Gained mutation: Your system is resistant to poisons.
                  | (rPois) [potion of mutation]
  5638 | D:5      | Gained mutation: You have a pair of small horns on your
                  | head. [potion of mutation]
  5638 | D:5      | HP: 1/54 [poisoned by a scorpion]
  5639 | D:5      | Succumbed to a scorpion's poison

Illustrated notes

Levels and vault maps discovered:
D:1:      heliophobic_arrival_enchanted_forest, layout_basic, item_on_display_b
D:2:      layout_loops_ring, basic_ecumenical_altar,
          chequers_serial_rivers_large_b, amethyst_killhole,
          minmay_splitting_lines, moated_statue, grunt_ministairs_8
D:3:      layout_basic, uniq_ijyb
D:4:      layout_cave_pools, serial_shops, shop, serial_bayou_pond_b,
          uniq_crazy_yiuf_cottage, uniq_menkaure, uniq_edmund
D:5:      layout_gridville, tgw_xom, minmay_temple_entry_glass,
          gammafunk_ghost_nasty_kobolds, chequers_serial_rivers_micro_c,
          guppyfry_early_orc_mine, uniq_eustachio

Skill      XL: |  1  2  3  4  5  6  7 |
---------------+----------------------+-----
Transmutations | 3 4 5 7 8 |  8.8
Unarmed Combat | 4 5 6 7 |  7.8
Fighting       | |  1.1
Dodging        | |  2.6
Spellcasting   | |  2.0

Action                   |  1- 3 |  4- 6 |  7- 9 || total
-------------------------+-------+-------+-------++-------
Melee: Unarmed           |   135 |   164 |    68 ||   367
       Headbutt          |    14 |    12 |       ||    26
       Punch             |       |     2 |       ||     2
 Cast: Beastly Appendage |    25 |    23 |       ||    48
       Spider Form       |       |     7 |    11 ||    18
Evoke: Wand              |       |     4 |       ||     4
  Use: Potion            |       |       |     2 ||     2
 Stab: Sleeping          |     1 |     1 |       ||     2
Armor: Robe              |    42 |    52 |     2 ||    96
       Skin              |       |     9 |     4 ||    13
Dodge: Dodged            |    92 |    98 |    69 ||   259

Table legend: (Time is in decaauts)
 A = Elapsed time spent in this place.
 B = Non-inter-level travel time spent in this place.
 C = Inter-level travel time spent in this place.
 D = Time resting spent in this place.
 E = Time spent auto-exploring this place.
 F = Levels seen in this place.
 G = Mean time per level.
                   A        B        C        D        E       F      G
               +--------+--------+--------+--------+--------+-----+--------+
         Total |   5572 |   5449 |    123 |    143 |   4427 |   5 | 1114.4 |
       Dungeon |   5572 |   5449 |    123 |    143 |   4427 |   5 | 1114.4 |
               +--------+--------+--------+--------+--------+-----+--------+

Top non-repeatable levels by time:
     D:3: 1462 daAuts
     D:2: 1434 daAuts
     D:1: 1399 daAuts
     D:4: 1262 daAuts
     D:5: 13 daAuts
